Map: Dasan Station LE

Players

soul

  • Race: Terran Terran
  • League: Master
  • Spawn Location: 6:00

Matiz - Winner!

  • Race: Zerg Zerg
  • League: Grandmaster
  • Spawn Location: 12:00

VOD

Have the link to the VOD?

Description

Time

  • Played on: Oct. 15, 2016, 12:50 p.m.
  • Length: 5:29
Show
View Real Time Build Order
Export as new Build Order

soul Terran 

Build Orders: Reaper Expand 

Get SALT Encoding   

  12  0:01  SCV  
  13  0:13  SCV  
  14  0:21  Supply Depot  
  14  0:25  SCV  
  15  0:43  SCV  
  15  0:46  Barracks  
  15  0:49  Refinery  
  16  0:55  SCV  
  17  1:07  SCV  
  18  1:19  SCV  
  19  1:33  Orbital Command, Reaper  
  20  1:40  Command Center  
  20  1:51  Barracks  
  20  1:59  SCV  
  21  2:04  Supply Depot  
  21  2:06  Barracks Reactor  
  21  2:11  SCV  
  21  2:14  Refinery  
  22  2:23  SCV  
  22  2:26  Bunker  
  22  2:35  SCV  
  23  2:41  Bunker, Barracks Tech Lab  
  23  2:42  Marine x2  
  25  2:49  SCV  
  24  3:00  Marine, Marauder  
  28  3:10  Concussive Shells  
  27  3:15  Marine  
  27  3:21  Marine  
  28  3:33  Marine  
  23  3:39  Marauder  
  19  3:51  Marine  
  18  4:00  Marine  
  16  4:09  Marine  
  16  4:18  Marauder  
  15  4:27  Marine  
  14  4:39  Marine  
  14  4:44  Marine  
  9  5:00  Marauder  
  9  5:02  Marine  
Show
View Real Time Build Order
Export as new Build Order

Matiz Zerg - Winner!

Build Orders: Pool Only, Ravager All-In 

Get SALT Encoding   

  12  0:00  Drone  
  13  0:21  Spawning Pool  
  12  0:24  Drone  
  13  0:29  Drone  
  13  0:35  Extractor  
  13  0:38  Drone  
  14  0:45  Overlord  
  14  0:49  Extractor  
  13  0:50  Drone  
  14  1:06  Drone  
  14  1:10  Roach Warren  
  14  1:21  Overlord  
  14  1:51  Roach x3  
  20  2:03  Roach  
  22  2:11  Ravager x3  
  25  2:19  Roach  
  29  2:30  Roach  
  29  2:32  Ravager  
  30  2:45  Overlord  
  30  3:04  Ravager  
  31  3:08  Ravager  
  32  3:30  Roach x2  
  32  3:31  Roach  
  32  3:54  Ravager  
  32  3:55  Ravager x2  
  31  4:02  Roach  
  31  4:05  Roach  
  30  4:20  Roach x2  
  29  4:52  Roach  
  29  4:53  Roach x2  
  31  5:05  Roach  
Tags
 
Add a new tag
Caveats
  • Supply blocks, unpowered buildings, or Contaminate may cause inaccurate times.
  • Supply counts are checked every 10 seconds.